 Dungeon Crawl Stone Soup version 0.29.1-2-gbd0b4ee654 (webtiles) character file.

Game seed: 3235200194389433013

48 DildoBatman the Conjurer (level 4, -3/32 HPs)
             Began as a Formicid Conjurer on Nov 25, 2022.
             Slain by a kobold
             ... wielding a +0 short sword
              (4 damage)
             ... on level 2 of the Dungeon.
             The game lasted 00:02:40 (906 turns).

DildoBatman the Conjurer (Formicid Conjurer)         Turns: 906, Time: 00:02:40

Health: -3/32      AC:  3    Str: 12    XL:     4   Next: 0%
Magic:  5/7        EV: 12    Int: 19    God:
Gold:   65         SH:  0    Dex: 12    Spells: 5/8 levels left

rFire   . . .      SeeInvis +   i - +0 mace
rCold   . . .      Faith    .   (no shield)
rNeg    . . .      Spirit   .   a - +0 robe
rPois   .          Reflect  .   (helmet unavailable)
rElec   .          Harm     .   c - +0 cloak
rCorr   .          Rampage  .   (no gloves)
Will    .....                   (no boots)
Stlth   ++........              (no amulet)
HPRegen 0.10/turn               (no ring)
MPRegen 0.10/turn               (no ring)

@: no status effects
A: permanent stasis, dig shafts and tunnels, antennae 3, four strong arms
a: Dig, Shaft Self


You were on level 2 of the Dungeon.
You visited 1 branch of the dungeon, and saw 2 of its levels.

You collected 65 gold pieces.

Inventory:

Hand Weapons
 e - a +0 dagger
 i - a +0 mace (weapon)
Missiles
 f - 8 stones
Armour
 a - a +0 robe (worn)
 c - a +0 cloak (worn)
 j - a +0 kite shield
 m - a +0 buckler
Scrolls
 g - 4 scrolls of identify {unknown}
 h - 3 scrolls of immolation {unknown}
 k - a scroll of poison {unknown}
 l - a scroll of blinking {unknown}
Potions
 b - a potion of magic
 d - 2 potions of curing {unknown}


   Skills:
 * Level 1.3 Fighting
 * Level 1.4 Armour
 - Level 2.0 Dodging
 - Level 2.4 Stealth
 * Level 0.9 Shields
 * Level 2.6 Spellcasting
 * Level 3.9 Conjurations


You had 5 spell levels left.
You knew the following spells:

 Your Spells              Type           Power      Damage    Failure   Level
a - Searing Ray           Conj           34%        2d5       4%          2
c - Magic Dart            Conj           68%        1d6       3%          1

Your spell library contained the following spells:

 Spells                   Type           Power      Damage    Failure   Level
 Dazzling Flash           Conj/Hex       18%        N/A       22%         3
 Fulminant Prism          Conj/Hex       4%         3d6       56%         4
 Iskenderun's Mystic Bla  Conj/Tloc      9%         2d4       56%         4
 Petrify                  Tmut/Erth      2%         N/A       85%         4
 Metabolic Englaciation   Hex/Ice        1%         N/A       99%         5
 Statue Form              Tmut/Erth      1%         N/A       100%        6


Dungeon Overview and Level Annotations

Branches:
Dungeon (2/15)

Altars:


Innate Abilities, Weirdness & Mutations

You cannot be hasted, slowed, berserked, paralysed or teleported.
You can dig through walls and to a lower floor.
You have a pair of large antennae on your head. (SInv)
Your four strong arms can wield two-handed weapons with a shield.


Message History

You shout for attention!
The kobold closely misses you. The rat misses you.
What are your orders? t - Shout!
Orders for allies: a - Attack new target. r - Retreat! s - Stop attacking. g - Guard the area. f - Follow me.
Anything else - Cancel.
You shout for attention!
The kobold hits you but does no damage. The rat closely misses you.
What are your orders? t - Shout!
Orders for allies: a - Attack new target. r - Retreat! s - Stop attacking. g - Guard the area. f - Follow me.
Anything else - Cancel.
You shout for attention!
The kobold closely misses you. The rat barely misses you.
What are your orders? t - Shout!
Orders for allies: a - Attack new target. r - Retreat! s - Stop attacking. g - Guard the area. f - Follow me.
Anything else - Cancel.
You shout for attention!
The kobold hits you with a +0 short sword.
The rat twitches its whiskers.
The rat bites you but does no damage. What are your orders? t - Shout!
Orders for allies: a - Attack new target. r - Retreat! s - Stop attacking. g - Guard the area. f - Follow me.
Anything else - Cancel.
You shout for attention!
The kobold hits you with a +0 short sword.
You die...

# # ####.#######.#
.....#.....#.#
....!..r@....#
.......K.....#
...>.........#
#######...........# .
###.....###...$...###...
##.........###...........
.........†.†.)..[........
........†..†..........###
#.......###.........###.##


You could see a kobold and a rat.

Vanquished Creatures
  An adder (D:2)
  A worm (D:2)
  A dart slug (D:1)
  2 bats
  2 endoplasms
  5 goblins (D:1)
  3 hobgoblins
  4 jackals (D:2)
  3 ball pythons
  A frilled lizard (D:1)
  6 kobolds
  4 rats
33 creatures vanquished.

Vanquished Creatures (others)
  A plant (D:2)
1 creature vanquished.

Grand Total: 34 creatures vanquished

Notes
Turn   | Place    | Note
-------+----------+-------------------------------------------
     0 | D:1      | DildoBatman the Formicid Conjurer began the quest for the
                  | Orb.
     0 | D:1      | Reached XP level 1. HP: 13/13 MP: 3/3
   182 | D:1      | Reached XP level 2. HP: 15/20 MP: 1/5
   185 | D:1      | Learned a level 2 spell: Searing Ray
   559 | D:2      | Reached skill level 1 in Armour
   570 | D:2      | Reached skill level 1 in Fighting
   570 | D:2      | Reached XP level 3. HP: 23/26 MP: 0/6
   762 | D:2      | Found a faded altar of an unknown god.
   856 | D:2      | Reached XP level 4. HP: 32/32 MP: 0/7
   905 | D:2      | HP: 1/32 [kobold/+0 short sword (2)]
   906 | D:2      | Slain by a kobold

Illustrated notes

Levels and vault maps discovered:
D:1:      saegor_arrival_miasma, layout_rooms, minmay_split_cup_large
D:2:      cheibrodos_old_hovel, layout_rooms, hellmonk_ecumenical_altar_zigzags,
          small_statue_intersection

Skill      XL: |  1  2 |
---------------+-------+-----
Dodging        | 2 |  2.0
Armour         | 1 |  1.4
Fighting       | 1 |  1.3
Stealth        | |  2.4
Shields        | |  0.9
Spellcasting   | |  2.6
Conjurations   | |  3.9

Action                   |  1- 3 |  4- 6 || total
-------------------------+-------+-------++-------
Melee: Dagger            |     8 |       ||     8
       Unarmed           |     1 |       ||     1
       Mace              |    16 |       ||    16
 Cast: Magic Dart        |    38 |       ||    38
       Searing Ray       |     6 |       ||     6
 Stab: Sleeping          |     3 |       ||     3
Armor: Robe              |     7 |    10 ||    17
Dodge: Dodged            |    31 |    37 ||    68
